 Dungeon Crawl Stone Soup version 0.22-a0-476-gbd6c659 (webtiles) character file.

46 BaronVonScrub the Magician (level 3, -5/27 HPs)
             Began as an Oni Conjurer on July 25, 2018.
             Slain by a goblin
             ... wielding a +0 club
             ... led by Robin
              (7 damage)
             ... on level 2 of the Dungeon.
             The game lasted 00:03:53 (1531 turns).

BaronVonScrub the Magician (Oni Conjurer)           Turns: 1531, Time: 00:03:54

Health: -5/27      AC:  3    Str: 10    XL:     3   Next: 66%
Magic:  12/17      EV: 10    Int: 17    God:
Gold:   27         SH:  0    Dex: 11    Spells: 5/6 levels left

rFire    . . .     SeeInvis .   b - +2 spear (pierce)
rCold    . . .     Gourm    .   (no shield)
rNeg     . . .     Faith    .   a - +0 animal skin
rPois    .         Spirit   .   (helmet restricted)
rElec    .         Reflect  .   (no cloak)
rCorr    .         Harm     .   (no gloves)
MR       .....                  e - +0 pair of boots
Stlth    ++........             (no amulet)
HPRegen  0.09/turn              d - -2 ring of evasion (curse)
MPRegen  0.15/turn              i - ring of magical power

@: no status effects
A: oni magic, claws 1, fangs 1, horns 1
a: no special abilities


You were on level 2 of the Dungeon.
You were not hungry.

You visited 1 branch of the dungeon, and saw 2 of its levels.

You collected 27 gold pieces.

Inventory:

Hand Weapons
 b - a +2 spear of piercing (weapon)
Armour
 a - a +0 animal skin (worn)
 e - a +0 pair of boots (worn)
Jewellery
 d - a cursed -2 ring of evasion (left claw)
 i - a ring of magical power (right claw)
Comestibles
 c - 2 rations
 f - 2 chunks of flesh


   Skills:
 + Level 0.4 Fighting
 * Level 0.2 Polearms
 - Level 2.0 Dodging
 - Level 1.7 Stealth
 - Level 0.2 Unarmed Combat
 + Level 2.3 Spellcasting


You had 5 spell levels left.
You knew the following spells:

 Your Spells              Type           Power        Failure   Level  Hunger
a - Magic Dart            Conj           ##..         6%          1    #......

Your spell library contained the following spells:

 Spells                   Type           Power        Failure   Level  Hunger
 Iskenderun's Mystic Bla  Conj           ##......     52%         4    #####..
 Corona                   Hex            ##.....      6%          1    #......
 Fulminant Prism          Conj/Hex       ##........   56%         4    #####..
 Dazzling Spray           Conj/Hex       ##....       22%         3    ###....
 Force Lance              Conj/Tloc      ##......     56%         4    #####..
 Searing Ray              Conj           ##....       10%         2    ##.....


Dungeon Overview and Level Annotations

Branches:
Dungeon (2/15)

Altars:

Annotations:
D:2 1 runed door, Robin


Innate Abilities, Weirdness & Mutations

You learn spells by gaining experience, not through books or religion.
You only train spellcasting to practice magic.
You have sharp fingernails.
You have very sharp teeth.
You have a pair of small horns on your head.


Message History

The goblin barely misses you.
You miss the goblin.
The goblin hits you but does no damage. x2
You closely miss the goblin. The goblin hits you.
The goblin hits you but does no damage.
You hit the goblin.
The goblin is heavily wounded.
The goblin hits you. The goblin barely misses you. The goblin hits you.
* * * LOW HITPOINT WARNING * * *
You puncture the goblin!
You kill the goblin!
The goblin hits you with an enchanted dagger.
* * * LOW HITPOINT WARNING * * *
Robin roars a battlecry!
You hear a shout!
The goblin no longer looks unusually strong.
Robin throws the goblin at you!
The goblin unwields an uncursed hunting sling.
The goblin wields an uncursed club.
The goblin hits you with an uncursed club!
You die...

.. ... ##+## ... ##...##
#.# #.....## ###.#
.......## ##.#.# ##.
........####....####.g...
........'.......@ggg)g...
..).....####.>.g#####....
.......## ##.#.# .
......## ###.# #....##
####.# ..#+## #....#
..#.###### #.####
#........# #.# ....####.#
#.#


You could see Robin, 2 hobgoblins and 3 goblins.

Vanquished Creatures
  A worm (D:2)
  A leopard gecko (D:1)
  3 giant cockroaches (D:1)
  7 goblins
  7 hobgoblins
  5 kobolds
  A quokka (D:2)
  6 bats
  5 rats (D:1)
36 creatures vanquished.

Notes
Turn   | Place    | Note
-------+----------+-------------------------------------------
     0 | D:1      | BaronVonScrub the Oni Conjurer began the quest for the Orb.
     0 | D:1      | Reached XP level 1. HP: 14/14 MP: 4/4
   332 | D:1      | Reached XP level 2. HP: 18/20 MP: 3/6
   815 | D:1      | Reached XP level 3. HP: 26/26 MP: 8/8
  1332 | D:2      | Found a runed door.
  1518 | D:2      | Noticed Robin
  1531 | D:2      | Slain by a goblin

Vault maps used:
D:1:      giann_forest_graveyard, minmay_cupped
D:2:      overflow_temple_1_default, nicolae_overflow_crystal_walls,
          first_ration, minmay_misc_feat_diagonals, uniq_robin,
          uniq_crazy_yiuf_cottage

Skill      XL: |  1  2 |
---------------+-------+-----
Dodging        | 2 |  2.0
Spellcasting   | 2 |  2.3
Fighting       | |  0.4
Polearms       | |  0.2
Stealth        | |  1.7
Unarmed Combat | |  0.2

Action                   || total
-------------------------++-------
Melee: Unarmed           ||    21
       Bite              ||     1
       Headbutt          ||     3
       Spear             ||     7
 Cast: Magic Dart        ||    72
  Use: Scroll            ||     4
       Potion            ||     1
  Eat: Chunk             ||     3
Armor: Animal skin       ||     6
Dodge: Dodged            ||    24

Table legend:
 A = Spawn XP
 B = Non-spawn XP
 C = Spawn XP percentage of total XP
 D = Spawn monster count
 E = Non-spawn monster count
 F = Spawn count percentage of total count
 G = Total turns spent on level
                    A         B        C        D         E        F      G
               +---------+---------+-------+---------+---------+-------+---------
         Total |       0 |      66 |   0.0 |       0 |      36 |   0.0 |  1531
               +---------+---------+-------+---------+---------+-------+---------
           D:1 |       0 |      40 |   0.0 |       0 |      24 |   0.0 |   994
           D:2 |       0 |      26 |   0.0 |       0 |      12 |   0.0 |   537
               +---------+---------+-------+---------+---------+-------+---------
